 Dungeon Crawl Stone Soup version 0.30-b1-5-g8e6c1be481 (webtiles) character file.

Game seed: 15165725583540162709

52 ChrisAssaf the Shield-Bearer (level 3, -2/33 HPs)
             Began as a Minotaur Fighter on May 4, 2023.
             Slain by an orc
             ... wielding a +0 short sword
              (4 damage)
             ... on level 4 of the Dungeon.
             The game lasted 00:01:53 (701 turns).

ChrisAssaf the Shield-Bearer (Minotaur Fighter)      Turns: 701, Time: 00:01:54

Health: -2/33      AC:  8    Str: 20    XL:     3   Next: 60%
Magic:  2/2        EV:  9    Int:  7    God:
Gold:   119        SH:  0    Dex:  9    Spells: 2/2 levels left

rFire   . . .        a - +0 war axe
rCold   . . .        c - +0 buckler
rNeg    . . .        b - +1 scale mail
rPois   .            (helmet restricted)
rElec   .            (no cloak)
rCorr   .            (no gloves)
SInv    .            (no boots)
Will    .....        (no amulet) Stlth
                     (no ring)
HPRegen 0.25/turn    (no ring)
MPRegen 0.08/turn

%: no passive effects
@: confused, mighty
A: horns 2, retaliatory headbutt
a: no special abilities


You were on level 4 of the Dungeon.
You visited 1 branch of the dungeon, and saw 4 of its levels.

You collected 119 gold pieces.

Inventory:

Hand Weapons
 a - a +0 war axe (weapon)
Armour
 b - a +1 scale mail (worn)
 c - a +0 buckler (worn)
Jewellery
 e - a ring of flight
Scrolls
 f - a scroll of noise
 i - a scroll of enchant armour
 j - a scroll of fear {unknown}
Potions
 g - a potion of degeneration {unknown}


   Skills:
 * Level 4.1 Fighting
 * Level 3.0 Axes
 * Level 4.1 Armour
 * Level 0.9 Dodging
 * Level 0.5 Stealth
 * Level 4.1 Shields


You had 2 spell levels left.
You didn't know any spells.
Your spell library was empty.

Dungeon Overview and Level Annotations

Branches:
Dungeon (4/15)
 Temple: D:4-7

Altars:


Innate Abilities, Weirdness & Mutations

You have a pair of horns on your head.
You reflexively headbutt those who attack you in melee.


Message History

The orc shouts!
Your headbutt misses the orc wizard. The orc closely misses you.
The orc wizard gestures at you while chanting.
You resist with significant effort.
You barely miss the orc wizard.
The orc shouts!
The orc completely misses you. The orc wizard barely misses you.
You miss the orc wizard.
The orc hits you from afar with a +0 trident!
The orc wizard hits you with a +0 dagger.
The orc wizard casts a spell at you. The puff of flame hits you.
The orc hits you from afar with a +0 trident!
You barely miss the orc wizard. You barely miss the orc.
You block the orc's attack. The orc wizard barely misses you.
The orc hits you with a +0 mace.
* * * LOW HITPOINT WARNING * * *
You slash the orc wizard! Your headbutt misses the orc wizard.
The orc wizard is almost dead.
You slash the orc!
You kill the orc!
The orc hits you from afar with a +0 trident.
* * * LOW HITPOINT WARNING * * *
The orc wizard gestures at you while chanting.
You are confused.
You bump into the rock wall.
The orc hits you from afar with a +0 trident.
* * * LOW HITPOINT WARNING * * *
The orc wizard casts a spell at you.
You are more confused.
You miss the orc. Your headbutt misses the orc. You barely miss the orc wizard.
You miss the orc. The orc closely misses you.
The orc wizard casts a spell at you.
The magic dart hits you but does no damage.
The orc barely misses you. The orc closely misses you. x2
The orc hits you but does no damage.
You bump into the rock wall.
The orc barely misses you.
The orc wizard hits you but does no damage.
The orc hits you with a +0 short sword.
You die...

.. .... .#
...# .. ...#
##.#...#
......# ..
.s.o.#
....###oo..#
.......@o..#
#....##<#..#
+.. #.# ## #
#........
#########


You could see a scorpion, an orc wizard and 3 orcs.

Vanquished Creatures
  A hound skeleton (D:3)
  2 adder skeletons (D:3)
  A worm (D:2)
  A dart slug (D:2)
  An orc (D:4)
  4 ball pythons
  2 bats
  3 endoplasms
  3 goblins
  5 kobolds
  A quokka (D:3)
  A frilled lizard (D:2)
  2 rats
27 creatures vanquished.

Notes
Turn   | Place    | Note
-------+----------+-------------------------------------------
     0 | D:1      | ChrisAssaf the Minotaur Fighter began the quest for the
                  | Orb.
     0 | D:1      | Reached XP level 1. HP: 19/19 MP: 0/0
   454 | D:1      | Reached XP level 2. HP: 27/27 MP: 1/1
   610 | D:3      | Reached XP level 3. HP: 33/33 MP: 2/2
   685 | D:4      | Noticed a scorpion
   701 | D:4      | Slain by an orc

Illustrated notes

Levels and vault maps discovered:
D:1:      lightli_arrival_chessboard, layout_basic
D:2:      layout_loops_ring
D:3:      layout_basic, serial_undead, serial_undead_e, serial_undead_d,
          serial_undead_f, serial_undead_e, serial_undead_a, serial_undead_f,
          basic_ecumenical_altar
D:4:      layout_basic, minmay_misc_feat_enclosed, uniq_robin

Skill      XL: |  1  2  3 |
---------------+----------+-----
Shields        | 4 |  4.1
Armour         | 4 |  4.1
Fighting       | 4 |  4.1
Axes           | 3 |  3.0
Dodging        | |  0.9
Stealth        | |  0.5

Action                     || total
---------------------------++-------
  Melee: War axe           ||    62
         Headbutt          ||     7
    Use: Scroll            ||     3
         Potion            ||     1
 Armour: Scale mail        ||    32
  Dodge: Dodged            ||    33
  Block: Buckler           ||    19
